 Dungeon Crawl Stone Soup version 0.31.0-9-g3a7656b989 (webtiles) character file.

Game seed: 2652007115790129853

10 Baz the Changeling (level 2, -1/23 HPs)
             Began as a Draconian Shapeshifter on Jan 25, 2024.
             Slain by a kobold
             ... wielding a +0 short sword of electrocution
              (3 damage)
             ... on level 1 of the Dungeon.
             The game lasted 00:00:19 (361 turns).

Baz the Changeling (Draconian Shapeshifter)          Turns: 361, Time: 00:00:20

Health: -1/23      AC:  4    Str: 16    XL:     2   Next: 10%
Magic:  2/2        EV: 12    Int: 10    God:
Gold:   31         SH:  0    Dex: 10    Spells: 1/1 levels left

rFire   . .          .
                       - Unarmed
rCold   . . .        (no shield)
rNeg    . . .        (body armour unavailable)
rPois   .            (helmet currently unavailable)
rElec   .            (cloak currently unavailable)
rCorr   .            (gloves currently unavailable)
SInv    .            (boots currently unavailable)
Will    .....        (no amulet)
Stlth   +            (no ring)
HPRegen 0.23/turn    (no ring)
MPRegen 0.08/turn

%: no passive effects
@: beast-form
A: beast (slay +1), AC +4, unfitting armour, cold-blooded
a: Begin Untransformation


You were on level 1 of the Dungeon.
You were a hulking beast.
You visited 1 branch of the dungeon, and saw 1 of its levels.

You collected 31 gold pieces.

Inventory:

Missiles
 f - a throwing net (quivered)
Talismans
 b - a beast talisman
 c - a flux talisman
Scrolls
 d - a scroll of poison {unknown}
 e - a scroll of enchant armour {unknown}
 g - a scroll of butterflies {unknown}
Potions
 a - a potion of lignification
 h - a potion of heal wounds {unknown}


   Skills:
 + Level 1.4 Fighting
 + Level 1.9 Dodging
 + Level 3.1 Unarmed Combat
 * Level 3.2 Shapeshifting


You had one spell level left.
You didn't know any spells.
Your spell library was empty.

Dungeon Overview and Level Annotations

Branches:
Dungeon (1/15)

Altars:


Innate Abilities, Weirdness & Mutations

You are a hulking beast.
Your limbs bulge with bestial killing power. (Slay +1)
Your plain brown scales are hard. (AC +4)
You cannot fit into any form of body armour.
You are cold-blooded and may be slowed by cold attacks.


Message History

The goblin hits you but does no damage.
You barely miss the goblin. The goblin hits you with a +0 dagger.
The ball python misses you. The ball python grabs you.
The ball python constricts you.
You closely miss the goblin. The goblin hits you but does no damage.
The ball python bites you but does no damage.
The ball python constricts you.
You punch the goblin!
You kill the goblin!
The bat hits you but does no damage. The ball python bites you.
The ball python constricts you.
You have reached level 2!
You escape the ball python's grasp.
The ball python attacks as it pursues you!
The ball python barely misses you. x2; The bat closely misses you.
The bat attacks as it pursues you! The bat hits you but does no damage.
The bat hits you. The bat hits you but does no damage.
You punch the bat!
You kill the bat!
The ball python bites you but does no damage.
The ball python closely misses you. x2; The ball python grabs you.
The ball python constricts you.
You hit the ball python.
You kill the ball python!
You closely miss the kobold.
The kobold hits you with a +0 short sword of electrocution.
You closely miss the kobold. The kobold hits you but does no damage.
You barely miss the kobold.
The kobold hits you with a +0 short sword of electrocution.
You barely miss the kobold. The kobold hits you but does no damage.
You hit the kobold.
The kobold is moderately wounded.
The kobold hits you but does no damage.
You are electrocuted!
Ouch! That really hurt!
* * * LOW HITPOINT WARNING * * *
You hit the kobold but do no damage. You tail-slap the kobold.
The kobold is severely wounded.
The kobold hits you with a +0 short sword of electrocution.
You die...

#........# ##
####.##### ##. #.##
##.. ##..# #..##
##... ....
########...####....
...
.............+....
..##
#.#####...####....
..# #.# #.†...# ##...
#.# #h# #.###.# ##..
...####.###K# #.# #.#
##.
......).....###.###.#
##
^#.....#..#.........#
#
#.....#..#.....#####
# ##...##.###....#
###### #... ..#
#....# #.....
##.##.## ##...#
#.##.. #$ .. #...#
##.


You could see a kobold.

Vanquished Creatures
  2 endoplasms (D:1)
  2 giant cockroaches (D:1)
  A goblin (D:1)
  3 ball pythons (D:1)
  A bat (D:1)
  A rat (D:1)
10 creatures vanquished.

Notes
Turn   | Place    | Note
-------+----------+-------------------------------------------
     0 | D:1      | Baz the Draconian Shapeshifter began the quest for the Orb.
     0 | D:1      | Reached XP level 1. HP: 16/16 MP: 1/1
   347 | D:1      | Reached XP level 2. HP: 16/23 MP: 2/2
   361 | D:1      | Slain by a kobold

Illustrated notes

Levels and vault maps discovered:
D:1:      ldierk_walled_garden_2, layout_loops_corners, serial_shops,
          nicolae_shop_just_a_little_nook, dreamdust_wishing_well,
          minmay_unequal

Action                     || total
---------------------------++-------
  Melee: Unarmed           ||    29
         Tailslap          ||     2
 Armour: Skin              ||    23
  Dodge: Dodged            ||    13
